 Dungeon Crawl Stone Soup version 0.21.0-24-g2553a33 (webtiles) character file.

1278 tidbits the Charmwright (level 8, 1/64 HPs)
             Began as a Gnoll Skald on Jan 20, 2018.
             Was a Follower of Cheibriados.
             Quit the game on level 7 of the Dungeon.
             The game lasted 00:16:13 (1661 turns).

tidbits the Charmwright (Gnoll Skald)               Turns: 1661, Time: 00:16:14

Health: 1/64       AC:  5    Str: 15    XL:     8   Next: 54%
Magic:  9/17       EV: 15    Int: 21    God:    Cheibriados [*.....]
Gold:   189        SH:  0    Dex: 16    Spells: 8/19 levels left

rFire    . . .     SeeInvis .   h - +4 short sword
rCold    . . .     Gourm    .   (no shield)
rNeg     . . .     Faith    .   B - +0 leather armour
rPois    .         Spirit   .   E - +1 helmet
rElec    .         Reflect  .   (no cloak)
rCorr    .         Harm     .   (no gloves)
MR       .....                  (no boots)
Stlth    ++........             (no amulet)
HPRegen  0.20/turn              f - ring of flight
MPRegen  0.15/turn              (no ring)

@: lethally poisoned (1 -> -6), very slow
A: distributed training, fangs 1, strong nose
a: Bend Time, Renounce Religion, Evoke Flight


You were on level 7 of the Dungeon.
You worshipped Cheibriados.
Cheibriados was aware of your devotion.
You were not hungry.

You visited 2 branches of the dungeon, and saw 8 of its levels.

You collected 189 gold pieces.

Inventory:

Hand Weapons
 a - a +0 hand axe
 e - a +0 mace
 g - a +0 dagger
 h - a +4 short sword (weapon)
 k - a +0 fustibalus
 o - a +0 dagger
 r - a +0 war axe
Missiles
 b - 2 javelins (quivered)
 i - 7 stones
 v - 7 curare-tipped needles
Armour
 n - a +0 helmet
 p - a +0 buckler
 B - a +0 leather armour (worn)
 E - a +1 helmet (worn)
Jewellery
 f - a ring of flight (left hand)
   (You found it on level 1 of the Dungeon)
Wands
 j - a wand of iceblast (1)
Potions
 u - a potion of flight
Books
 c - a book of Battle

   Spells                             Type                      Level
   a - Infusion                       Charms                       1
   b - Shroud of Golubria             Charms/Translocation         2
   c - Song of Slaying                Charms                       2
   d - Spectral Weapon                Hexes/Charms                 3
   e - Regeneration                   Charms/Necromancy            3
Comestibles
 d - 2 rations


   Skills:
 + Level 5.7 Fighting
 + Level 3.3 Short Blades
 + Level 3.3 Long Blades
 + Level 5.7 Axes
 + Level 3.3 Maces & Flails
 + Level 3.3 Polearms
 + Level 3.3 Staves
 + Level 3.3 Slings
 + Level 3.3 Bows
 + Level 3.3 Crossbows
 + Level 3.3 Throwing
 + Level 4.2 Armour
 + Level 5.7 Dodging
 + Level 3.3 Stealth
 + Level 3.3 Shields
 + Level 3.3 Unarmed Combat
 + Level 6.0 Spellcasting
 + Level 2.6 Conjurations
 + Level 2.6 Hexes
 + Level 6.1 Charms
 + Level 2.6 Summonings
 + Level 2.6 Necromancy
 + Level 2.6 Translocations
 + Level 2.6 Transmutations
 + Level 2.6 Fire Magic
 + Level 2.6 Ice Magic
 + Level 2.6 Air Magic
 + Level 2.6 Earth Magic
 + Level 2.6 Poison Magic
 + Level 3.6 Invocations
 + Level 3.3 Evocations


You had 8 spell levels left.
You knew the following spells:

 Your Spells              Type           Power        Failure   Level  Hunger
g - Shroud of Golubria    Chrm/Tloc      ###.......   3%          2    None
i - Infusion              Chrm           ####         1%          1    None
r - Regeneration          Chrm/Necr      ###.......   6%          3    ##.....
w - Spectral Weapon       Hex/Chrm       ###.....     6%          3    ##.....
y - Song of Slaying       Chrm           ####....     1%          2    None


Dungeon Overview and Level Annotations

Branches:
Dungeon (7/15)             Temple (1/1) D:5

Altars:
Ashenzari
Cheibriados
Dithmenos
Hepliaklqana
Okawaru
Qazlal
Sif Muna
Uskayaw
Xom
Zin

Shops:
D:5 *

Annotations:
D:3 stickyfingers's ghost, amateur MiBe


Innate Abilities, Weirdness & Mutations

Your experience applies equally to all skills.
You have very sharp teeth.
Your uncanny sense of smell can sniff out nearby items.


Message History

Unknown command.
You feel sick. The killer bee misses you. The killer bee completely misses you.
The killer bee closely misses you.
The water moccasin skeleton closely misses you.
Unknown command.
Your skin stops crawling.
You feel sick. The killer bee stings you. The killer bee misses you.
The killer bee stings you.
* * * LOW HITPOINT WARNING * * *
The killer bee stings you.
* * * LOW HITPOINT WARNING * * *
You are more poisoned.
The killer bee poisons you!
Unknown command.
You feel much better.
You feel sick. The killer bee barely misses you. The killer bee stings you.
The killer bee stings you but does no damage.
The killer bee barely misses you.
You feel sick. The killer bee barely misses you.
Evoke which item? (* to show all) (? for menu, Esc to quit)
Aiming: Iceblast
Press: ? - help, Shift-Dir - straight line, p - killer bee
Okay, then.
Unknown command.
Evoke which item? (* to show all) (? for menu, Esc to quit)
Aiming: Iceblast
Press: ? - help, Shift-Dir - straight line, f - ball python, p - killer bee
Aim: a ball python That beam is likely to hit you.
Continue anyway?
The mass of ice explodes!
The iceblast engulfs the ball python.
You kill the ball python!
Cheibriados appreciates the change of pace.
The iceblast engulfs you!
* * * LOW HITPOINT WARNING * * *
The iceblast engulfs the killer bee.
You kill the killer bee!
Cheibriados thoroughly appreciates the change of pace.
Your Spellcasting skill increases to level 6!
The iceblast engulfs the killer bee.
You kill the killer bee!
Cheibriados thoroughly appreciates the change of pace.
The iceblast engulfs the killer bee.
The killer bee is severely wounded.
The iceblast engulfs the water moccasin skeleton.
The water moccasin skeleton partially resists.
The water moccasin skeleton is heavily damaged.
You feel sick.
You hear a shout! x2
The killer bee barely misses you. The killer bee stings you.
* * * LOW HITPOINT WARNING * * *
The water moccasin skeleton bites you.
* * * LOW HITPOINT WARNING * * *
A hound zombie comes into view.
Evoke which item? (* to show all) (? for menu, Esc to quit)
Aiming: Iceblast
Press: ? - help, Shift-Dir - straight line, f - killer bee
Aim: a killer bee That beam is likely to hit you.
Continue anyway?
The mass of ice explodes!
The iceblast engulfs the killer bee.
You kill the killer bee!
Cheibriados thoroughly appreciates the change of pace.
The iceblast engulfs you!
* * * LOW HITPOINT WARNING * * *
The iceblast engulfs the water moccasin skeleton.
The water moccasin skeleton partially resists.
The water moccasin skeleton is severely damaged.
The iceblast engulfs the killer bee.
You kill the killer bee!
Cheibriados thoroughly appreciates the change of pace.
The iceblast engulfs the ice beast.
The ice beast partially resists.
The ice beast is moderately wounded.
* * * LOW HITPOINT WARNING * * *
You feel sick. The water moccasin skeleton bites you.
* * * LOW HITPOINT WARNING * * *
Unknown command.
Okay, then.
The flow of time bends around you.
Cheibriados rebukes the water moccasin skeleton.
The water moccasin skeleton seems to slow down.
Cheibriados rebukes the ice beast.
The ice beast seems to slow down.
You feel slightly more hungry.
* * * LOW HITPOINT WARNING * * *
You feel sick. The ice beast closely misses you.
The water moccasin skeleton bites you but does no damage.
Unknown command.
Okay, then.
Okay, then.
* * * LOW HITPOINT WARNING * * *
You feel sick.
A centaur zombie comes into view.
* * * LOW HITPOINT WARNING * * *
You feel sick. The hound zombie misses you. The hound zombie bites you.
* * * LOW HITPOINT WARNING * * *
Found a ration.
Unknown command.
Okay, then.
* * * LOW HITPOINT WARNING * * *
You feel sick.
Unknown command.
Are you sure you want to abandon this character and quit the game? (Confirm with "yes".)

######..≈≈≈≈≈≈
##%......P≈≈≈..
..............
#..........#.......#..
#........# .(.....#.##
##........## ..........
#......Z...# #..$.....
#.....@Z...# #.......
#.....ZY...# #.......
#.....Z....# #.......
#.........†# #.......
##........†#####$......
##......†...).Z((...<.
#####..(#..####......
#..........#.......
#........#.#......8


You could see an ice beast, a hound zombie, a worker ant zombie, a centaur
zombie and a water moccasin skeleton.

Vanquished Creatures
  An orc warrior (D:2)
  An ice beast (D:6)
  A phantom (D:4)
  A water moccasin zombie (D:6)
  A scorpion (D:6)
  7 killer bees
  A wight (D:7)
  A bullfrog zombie (D:6)
  A crimson imp (D:6)
  2 hounds
  6 orc wizards
  An iguana (D:5)
  A centaur skeleton (D:6)
  A worker ant (D:6)
  A hound skeleton (D:4)
  2 adders
  8 gnolls
  A shadow imp (D:6)
  An ooze (D:2)
  An adder skeleton (D:6)
  3 worms (D:2)
  5 leopard geckos
  7 orcs
  4 giant cockroaches
  3 goblins
  3 hobgoblins (D:2)
  5 jackals
  A quokka (D:3)
  4 ball pythons
  5 bats
  3 frilled lizards
  3 kobolds (D:2)
  A leopard gecko skeleton (D:4)
  3 rats
90 creatures vanquished.

Vanquished Creatures (others)
  A spectral weapon (D:7)
1 creature vanquished.

Grand Total: 91 creatures vanquished

Notes
Turn   | Place    | Note
-------+----------+-------------------------------------------
     0 | D:1      | tidbits the Gnoll Skald began the quest for the Orb.
     0 | D:1      | Reached XP level 1. HP: 20/20 MP: 6/6
   200 | D:2      | Reached XP level 2. HP: 26/26 MP: 4/7
   205 | D:2      | Learned a level 2 spell: Song of Slaying
   208 | D:2      | Learned a level 2 spell: Shroud of Golubria
   257 | D:2      | Reached XP level 3. HP: 27/31 MP: 0/9
   265 | D:2      | Reached skill level 5 in Spellcasting
   356 | D:2      | Learned a level 3 spell: Regeneration
   360 | D:2      | Learned a level 3 spell: Spectral Weapon
   379 | D:2      | Noticed an orc warrior
   382 | D:2      | Reached skill level 1 in Short Blades
   382 | D:2      | Reached skill level 1 in Long Blades
   382 | D:2      | Reached skill level 1 in Maces & Flails
   382 | D:2      | Reached skill level 1 in Polearms
   382 | D:2      | Reached skill level 1 in Staves
   382 | D:2      | Reached skill level 1 in Slings
   382 | D:2      | Reached skill level 1 in Bows
   382 | D:2      | Reached skill level 1 in Crossbows
   382 | D:2      | Reached skill level 1 in Throwing
   382 | D:2      | Reached skill level 1 in Stealth
   382 | D:2      | Reached skill level 1 in Shields
   382 | D:2      | Reached skill level 1 in Unarmed Combat
   382 | D:2      | Reached skill level 1 in Invocations
   382 | D:2      | Reached skill level 1 in Evocations
   382 | D:2      | Reached XP level 4. HP: 38/38 MP: 11/11
   384 | D:2      | Killed an orc warrior
   384 | D:2      | Reached skill level 1 in Conjurations
   384 | D:2      | Reached skill level 1 in Hexes
   384 | D:2      | Reached skill level 1 in Summonings
   384 | D:2      | Reached skill level 1 in Necromancy
   384 | D:2      | Reached skill level 1 in Translocations
   384 | D:2      | Reached skill level 1 in Transmutations
   384 | D:2      | Reached skill level 1 in Fire Magic
   384 | D:2      | Reached skill level 1 in Ice Magic
   384 | D:2      | Reached skill level 1 in Air Magic
   384 | D:2      | Reached skill level 1 in Earth Magic
   384 | D:2      | Reached skill level 1 in Poison Magic
   384 | D:2      | Reached XP level 5. HP: 43/43 MP: 12/12
   405 | D:2      | Reached skill level 3 in Armour
   417 | D:2      | Reached XP level 6. HP: 24/50 MP: 0/13
   479 | D:3      | Reached skill level 2 in Invocations
   500 | D:4      | Noticed a phantom
   560 | D:3      | Noticed stickyfingers's ghost (amateur MiBe)
   622 | D:4      | Killed a phantom
   622 | D:4      | Reached skill level 5 in Fighting
   622 | D:4      | Reached skill level 5 in Axes
   622 | D:4      | Reached skill level 5 in Dodging
   626 | D:4      | Reached skill level 2 in Short Blades
   626 | D:4      | Reached skill level 2 in Long Blades
   626 | D:4      | Reached skill level 2 in Maces & Flails
   626 | D:4      | Reached skill level 2 in Polearms
   626 | D:4      | Reached skill level 2 in Staves
   626 | D:4      | Reached skill level 2 in Slings
   626 | D:4      | Reached skill level 2 in Bows
   626 | D:4      | Reached skill level 2 in Crossbows
   626 | D:4      | Reached skill level 2 in Throwing
   626 | D:4      | Reached skill level 2 in Stealth
   626 | D:4      | Reached skill level 2 in Shields
   626 | D:4      | Reached skill level 2 in Unarmed Combat
   626 | D:4      | Reached skill level 2 in Evocations
   699 | D:5      | Entered Level 5 of the Dungeon
   779 | D:6      | Reached XP level 7. HP: 49/56 MP: 11/15
   863 | D:6      | Reached skill level 2 in Conjurations
   863 | D:6      | Reached skill level 2 in Hexes
   863 | D:6      | Reached skill level 2 in Summonings
   863 | D:6      | Reached skill level 2 in Necromancy
   863 | D:6      | Reached skill level 2 in Translocations
   863 | D:6      | Reached skill level 2 in Transmutations
   863 | D:6      | Reached skill level 2 in Fire Magic
   863 | D:6      | Reached skill level 2 in Ice Magic
   863 | D:6      | Reached skill level 2 in Air Magic
   863 | D:6      | Reached skill level 2 in Earth Magic
   863 | D:6      | Reached skill level 2 in Poison Magic
   892 | D:6      | Found a shimmering altar of Xom.
   892 | D:6      | Found a stormy altar of Qazlal.
   990 | D:7      | Found a glowing silver altar of Zin.
  1032 | D:6      | Found a shadowy altar of Dithmenos.
  1056 | D:5      | Found Xocoim's General Store.
  1057 | D:5      | Found a staircase to the Ecumenical Temple.
  1066 | Temple   | Entered the Ecumenical Temple
  1082 | Temple   | Became a worshipper of Cheibriados the Contemplative
  1110 | D:5      | Reached skill level 3 in Invocations
  1309 | D:4      | Reached XP level 8. HP: 60/63 MP: 14/16
  1311 | D:4      | Reached skill level 6 in Charms
  1327 | D:4      | Found a hazy altar of Hepliaklqana.
  1394 | D:3      | Found a shattered altar of Ashenzari.
  1545 | D:4      | You fall through a shaft for 2 floors!
  1627 | D:7      | Reached skill level 3 in Short Blades
  1627 | D:7      | Reached skill level 3 in Long Blades
  1627 | D:7      | Reached skill level 3 in Maces & Flails
  1627 | D:7      | Reached skill level 3 in Polearms
  1627 | D:7      | Reached skill level 3 in Staves
  1627 | D:7      | Reached skill level 3 in Slings
  1627 | D:7      | Reached skill level 3 in Bows
  1627 | D:7      | Reached skill level 3 in Crossbows
  1627 | D:7      | Reached skill level 3 in Throwing
  1627 | D:7      | Reached skill level 4 in Armour
  1627 | D:7      | Reached skill level 3 in Stealth
  1627 | D:7      | Reached skill level 3 in Shields
  1627 | D:7      | Reached skill level 3 in Unarmed Combat
  1627 | D:7      | Reached skill level 3 in Evocations
  1643 | D:7      | Reached * piety under Cheibriados
  1655 | D:7      | Reached skill level 6 in Spellcasting
  1656 | D:7      | HP: 6/64 [water moccasin skeleton (1)]
  1660 | D:7      | HP: 1/64 [poisoned by a killer bee]
  1661 | D:7      | Quit the game

Skill      XL: |  1  2  3  4  5  6  7  8 |
---------------+-------------------------+-----
Spellcasting   | 5 6 |  6.0
Short Blades   | 1 2 3 |  3.3
Long Blades    | 1 2 3 |  3.3
Maces & Flails | 1 2 3 |  3.3
Polearms       | 1 2 3 |  3.3
Staves         | 1 2 3 |  3.3
Slings         | 1 2 3 |  3.3
Bows           | 1 2 3 |  3.3
Crossbows      | 1 2 3 |  3.3
Throwing       | 1 2 3 |  3.3
Stealth        | 1 2 3 |  3.3
Shields        | 1 2 3 |  3.3
Unarmed Combat | 1 2 3 |  3.3
Invocations    | 1 2 3 |  3.6
Evocations     | 1 2 3 |  3.3
Conjurations   | 1 2 |  2.6
Hexes          | 1 2 |  2.6
Summonings     | 1 2 |  2.6
Necromancy     | 1 2 |  2.6
Translocations | 1 2 |  2.6
Transmutations | 1 2 |  2.6
Fire Magic     | 1 2 |  2.6
Ice Magic      | 1 2 |  2.6
Air Magic      | 1 2 |  2.6
Earth Magic    | 1 2 |  2.6
Poison Magic   | 1 2 |  2.6
Armour         | 3 4 |  4.2
Fighting       | 5 |  5.7
Axes           | 5 |  5.7
Dodging        | 5 |  5.7
Charms         | 6 |  6.1

Action                   |  1- 3 |  4- 6 |  7- 9 || total
-------------------------+-------+-------+-------++-------
Melee: Hand axe          |     7 |       |       ||     7
       Short sword       |    29 |    79 |    84 ||   192
       Bite              |     7 |    11 |     8 ||    26
       Punch             |       |       |     1 ||     1
Throw: Javelin           |       |       |    11 ||    11
       Throwing net      |       |       |     1 ||     1
 Cast: Infusion          |     6 |     1 |       ||     7
       Spectral Weapon   |       |     8 |    15 ||    23
       Shroud of Golubri |       |     2 |     2 ||     4
       Regeneration      |       |     2 |     5 ||     7
Invok: Bend Time         |       |       |     1 ||     1
Evoke: Wand              |     2 |     4 |     2 ||     8
  Use: Scroll            |       |     2 |     7 ||     9
       Potion            |       |     2 |     5 ||     7
 Stab: Distracted        |       |       |     2 ||     2
       Sleeping          |       |       |     1 ||     1
  Eat: Ration            |     1 |     1 |       ||     2
Armor: Leather armour    |    12 |    16 |    20 ||    48
Dodge: Dodged            |    31 |    62 |   120 ||   213

Table legend:
 A = Turns spent in this place as a percentage of turns spent in the entire game.
 B = Non-inter-level travel turns spent in this place as a percentage of non-inter-level travel turns spent in the entire game.
 C = Inter-level travel turns spent in this place as a percentage of turns spent in this place.
 D = Turns resting spent in this place as a percentage of non-inter-level travel turns spent in this place.
 E = Turns spent auto-exploring this place as a percentage of non-inter-level travel turns spent in this place.
 F = Non-inter-level travel turns spent in this place divided by the number of levels of this place that you've seen.
                   A       B       C       D       E      F
               +-------+-------+-------+-------+-------+----------------------
         Total | 100.0 | 100.0 |   0.9 |   0.0 |   0.0 | 205.8
       Dungeon |  98.0 |  98.9 |   0.0 |   0.0 |   0.0 | 232.6
        Temple |   2.0 |   1.1 |  45.5 |   0.0 |   0.0 |  18.0
               +-------+-------+-------+-------+-------+----------------------

Table legend:
 A = Kills in this place as a percentage of kills in entire the game.
 B = Kills by you in this place as a percentage of kills by you in the entire game.
 C = Kills by friends in this place as a percentage of kills by friends in the entire game.
 D = Other kills in this place as a percentage of other kills in the entire game.
 E = Experience gained in this place as a percentage of experience gained in the entire game.
 F = Experience gained in this place divided by the number of levels of this place that you have seen.
                   A       B       C       D       E      F
               +-------+-------+-------+-------+-------+----------------------
         Total | 100.0 | 100.0 |   N/A |   N/A | 100.0 | 228.2
       Dungeon | 100.0 | 100.0 |   N/A |   N/A | 100.0 | 260.9
               +-------+-------+-------+-------+-------+----------------------

Vault maps used:
D:1:      sevenhm_arrival_forest_fort_small_5
D:2:      minmay_diamond_boxcup, lemuel_round_altar, zin_statuary, first_ration
D:3:      lemuel_round_altar, lemuel_angel_altar
D:4:      kennysheep_mini_moat, lemuel_blue_sif_altar
D:5:      minmay_temple_entry_mist, serial_shops, nicolae_shop_trees,
          lemuel_another_geyser, uniq_blork_the_orc
D:6:      marbit_many_paths, amethyst_overflow_temple_binary,
          grunt_ministairs_4, kennysheep_generic_room_13
D:7:      nicolae_overflow_hidden_temple, basic_altar, serial_undead,
          serial_undead_c, serial_undead_b, serial_undead_f, serial_undead_c,
          minmay_door_square
Temple:   jpeg_temple_clearing
